[Event "*** Titled Tuesday Blitz AM"]
[Site "Chess.com"]
[Date "2020.01.07"]
[Round "7"]
[White "GMCarbone"]
[Black "FMAntonio"]
[Result "0-1"]
[WhiteElo "2262"]
[BlackElo "2496"]
[TimeControl "180+2"]
[EndTime "10:36:35 PST"]
[Termination "FMAntonio won on time"]

1. d4 Nf6 2. c4 e6 3. g3 d5 4. Nf3 dxc4 5. Bg2 c5 6. O-O Nc6 7. Qa4 Bd7 8. dxc5 Bxc5 9. Qxc4 Be7 10. Nc3 O-O 11. Bf4 Rc8 12. Qb3 Na5 13. Qd1 Nc4 14.
Qb3 Qb6 15. Qxb6 axb6 16. b3 Na3 17. Rac1 Bc6 18. Ne5 Bxg2 19. Kxg2 Bb4 20. Na4 b5 21. Nb6 Rcd8 22. Rc7 Ne8 23. Rxb7 Nd6 24. Rc7 Ba5 25. Rc6 Nf5 26. Ned7 Rfe8 27. Bc7 Bxb6 28. Nxb6 Rd2 29. Rfc1 Rxe2 30. Nd7 Nd4 31. Rd6 Nac2 32. Bb6 e5 33. Nxe5 Nf5 34. Rd8 Rxd8 35. Bxd8 Ne1+ 36. Kf1 Rxe5 37. Rxe1 Rxe1+ 38. Kxe1 Kf8 39. Bb6 Ke7 40. a4 bxa4 41. bxa4 Kd6 42. a5 Kc6 43. Ke2 Nd6 44.
Bd8 Nb7 45. Bb6 Kb5 46. Ke3 Nxa5 47. Bxa5 Kxa5 48. Ke4 Kb6 49. Ke5 Kc6 50. g4 Kd7 51. g5 Ke7 52. h4 Kd7 53. h5 Ke7 54. f4 Kd7 55. f5 Ke7 56. Kd5 Kd7 57. g6 fxg6 58.
fxg6 h6 59. Ke5 Ke7 0-1

[Event "*** Titled Tuesday Blitz AM"]
[Site "Chess.com"]
[Date "2020.01.07"]
[Round "7"]
[White "RojonR"]
[Black "viktorskliarov"]
[Result "1-0"]
[WhiteElo "2466"]
[BlackElo "2552"]
[TimeControl "180+2"]
[EndTime "10:36:50 PST"]
[Termination "RojonR won by resignation"]

1. e4 c5 2. Nf3 Nc6 3. d4 cxd4 4. Nxd4 Nf6 5. Nc3 e5 6. Nf5 d5 7. exd5 Bxf5 8. dxc6 Qxd1+ 9. Nxd1 bxc6 10. Ne3 Be6 11. Nc4 Nd7 12. Be3 f5 13. f3 Bxc4 14. Bxc4 Bc5 15. Ke2 Bxe3 16. Kxe3 Ke7 17. Rad1 Nb6 18. Bb3 a5 19. c3 a4 20. Bc2 Nc4+ 21. Kf2 g6 22. b3 axb3 23. Bxb3 Nd6 24. Rhe1 Ra5 25.
Rd2 e4 26. Red1 Rd8 27. Ke3 Re5 28. fxe4 Rxe4+ 29. Kf3 g5 30. c4 h5 31. c5 Rf4+ 32. Ke2 Re4+ 33. Kf1 Nb7 34. Rxd8 Nxd8 35. Rd6 Re5 36.
Rg6 g4 37. Rg5 h4 38. Rh5 Rxc5 39. Rxh4 Kf6 40. Rh8 Nb7 41. h4 gxh3 42. gxh3 Kg5 43. h4+ Kf4 44. Ke2 Nd6 45. h5 Re5+ 46. Kd3 c5 47. Bd1 Rd5+ 48. Kc2 Ne4 49. h6 Rd2+ 50. Kc1 Rxa2 51. h7 Rh2 52. Bc2 c4 53. Bxe4 fxe4 54. Rf8+ Ke3 55. h8=Q Rxh8 56. Rxh8 Kd3 57. Rd8+ Kc3 58.
Re8 Kd3 59. Re7 e3 60. Re8 e2 61. Re7 c3 62. Re8 1-0

[Event "*** Titled Tuesday Blitz AM"]
[Site "Chess.com"]
[Date "2020.01.07"]
[Round "7"]
[White "BocharovD"]
[Black "MITerryble"]
[Result "1-0"]
[WhiteElo "2781"]
[BlackElo "2935"]
[TimeControl "180+2"]
[EndTime "10:37:00 PST"]
[Termination "BocharovD won by resignation"]

1. c4 e5 2. g3 Nf6 3. Bg2 c6 4. d4 Bb4+ 5. Bd2 Bxd2+ 6. Qxd2 d6 7. Nc3 O-O 8. e3 Be6 9. b3 exd4 10. Qxd4 Qa5 11.
Ne2 d5 12. cxd5 Bxd5 13. e4 Be6 14. O-O Rd8 15. Qe3 Ng4 16. Qf4 Nd7 17. h3 Ngf6 18. Rfd1 h6 19. Qe3 Qc5 20. Nd4 Re8 21. Rac1 Qa5 22. f4 Nb6 23. f5 Bxf5 24. Nxf5 Qxf5 25. Qxb6 Qxh3 26. Bxh3 axb6 27. Bg2 b5 28. Rd4 Re5 29. Bf3 Kf8 30. a4 bxa4 31. bxa4 Rc5 32. Kf2 Ke8 33. Ke3 Nd7 34. Kd2 Rg5 35. Rg1 Nc5 36. Bd1 h5 37. Ke3 g6 38. Rb4 Re5 39. Kd4 f6 40. Bc2 Ke7 41. Nd5+ cxd5 42. Kxc5 dxe4+ 43. Kd4 Rd8+ 44. Ke3 f5 45. Rxb7+ Kf6 46. Rd1 Rc8 47. Rd6+ Re6 48. Rxe6+ Kxe6 49. Bb3+ Kf6 50. Rb6+ Kg5 51. Bf7 Rc3+ 52. Kf2 Rc2+ 53. Ke3 Rc3+ 54.
Ke2 Kg4 55. Rxg6+ Kh3 56. Be6 Ra3 57. Bxf5+ Kh2 58. Bd7 Kg2 59. Bc6 Kh2 60. Rg5 Kh3 61. Rxh5+ Kxg3 62. Re5 Rc3 63. Bb7 Rb3 64. Rb5 Ra3 65.
a5 Kf4 66. a6 Ra2+ 67. Kd1 e3 68. Rb4+ Kg3 69. Rb6 Kf2 70. Rf6+ Kg1 71. Ke1 Kh2 72. Rg6 Kh3 73. Re6 Ra3 74. Ke2 Kg4 75. Rxe3 Rxa6 76.
Bxa6 1-0

[Event "*** Titled Tuesday Blitz AM"]
[Site "Chess.com"]
[Date "2020.01.07"]
[Round "7"]
[White "crescentmoon2411"]
[Black "GMBenjaminBok"]
[Result "1/2-1/2"]
[WhiteElo "3021"]
[BlackElo "2892"]
[TimeControl "180+2"]
[EndTime "10:37:02 PST"]
[Termination "Game drawn - insufficient material"]

1. e4 c5 2. Nf3 d6 3. Bb5+ Nd7 4. c3 Nf6 5. Qe2 a6 6. Ba4 b5 7. Bc2 Bb7 8. O-O e6 9. d4 Be7 10. Rd1 Qc7 11. Bf4 O-O 12. Bd3 e5 13. Bg3 Rfe8 14. Nbd2 exd4 15. cxd4 Nh5 16. e5 Nxg3 17. hxg3 g6 18.
e6 Bf6 19. exf7+ Kxf7 20. Ne4 Kg7 21. Qc2 c4 22. Nxf6 Nxf6 23. Bf1 Be4 24. Qc3 Nd5 25. Qd2 c3 26. bxc3 Qxc3 27. Rac1 Qxd2 28. Nxd2 Bf5 29.
Rc6 Nb4 30. Rxd6 Nxa2 31. Ra1 Nb4 32. Nb3 Red8 33. Rb6 Rab8 34. Rxb8 Rxb8 35. Nc5 Rb6 36. f3 Bc8 37. Rc1 Nd5 38. Bd3 Bf5 39. Be4 Ne7 40. Ra1 Bc8 41. Kf2 b4 42. Bd3 b3 43. Rb1 Nc6 44. Rxb3 Rxb3 45. Nxb3 a5 46. Bb5 Na7 47.
Ba4 Be6 48. Nxa5 Bd5 49. Ke3 Nc8 50. Bb3 Ne7 51. Bxd5 Nxd5+ 52. Ke4 Nc3+ 53. Kd3 Nd5 54. Nc4 Kf6 55. Ne3 Ne7 56. Ke4 Ke6 57. d5+ Kd6 58. Kd4 h5 59. Nc4+ Kd7 60. Kc5 Nf5 61. Ne5+ Kc7 62. Nxg6 Nxg3 63. d6+ Kd8 64. Kd5 Nf5 65. Nf4 h4 66. Kc6 Nd4+ 67. Kd5 Nf5 68. Ke5 Ne3 69. Nh3 Kd7 70. f4 Nxg2 71. f5 Ne3 72. f6 Ng4+ 73. Kf5 Nxf6 74. Kxf6 Kxd6 75. Kg5 Kc5 76. Kxh4 1/2-1/2

[Event "*** Titled Tuesday Blitz AM"]
[Site "Chess.com"]
[Date "2020.01.07"]
[Round "7"]
[White "PaulfromSPb"]
[Black "lucasmito"]
[Result "0-1"]
[WhiteElo "2662"]
[BlackElo "2467"]
[TimeControl "180+2"]
[EndTime "10:37:10 PST"]
[Termination "lucasmito won by resignation"]

1. d4 d5 2. Bf4 Nf6 3. c3 e6 4.
e3 Bd6 5. Bg3 O-O 6. Nd2 c5 7.
Bxd6 Qxd6 8. f4 b6 9. Ngf3 Ba6 10. Ne5 Bxf1 11. Rxf1 Nc6 12. Rf3 Ne4 13. Nxe4 dxe4 14. Rg3 Ne7 15. Rh3 cxd4 16. exd4 f6 17. Qh5 h6 18. Ng4 Qxf4 19. Ne3 Nf5 20. Qe2 Nxe3 21. Rxe3 Qxh2 22. O-O-O f5 23. Kb1 Rac8 24. Qf2 Qd6 25. Rh1 b5 26. Rg3 Kh7 27. Qe3 Rf6 28. Rf1 b4 29.
cxb4 Qxb4 30. Rh3 Qc4 31. Qf2 f4 32. Rc3 Qa6 33. Ra3 Qb6 34. Qd2 Qd6 35. Rxa7 e5 36. d5 Rc5 37. Rd1 Rf8 38. Qe2 Qg6 39.
Ka1 e3 40. a3 Rc2 41. Qb5 e2 42. Rb1 Rd2 43. Rc7 Qxb1+ 44. Kxb1 e1=Q+ 45. Ka2 Qe4 46. Rd7 Qd4 47. Qb7 Rg8 48. Qb5 e4 49. d6 Qd5+ 50.
Qxd5 Rxd5 51. Kb3 e3 52. Kc4 e2 53. Re7 Rxd6 54. Rxe2 Rc8+ 55. Kb3 Rb6+ 56. Ka2 g5 57.
b4 Rc3 58. Kb2 Re3 59. Rc2 Ra6 60. Rc7+ Kg6 61. b5 Raxa3 62. Rc6+ Kh5 63. b6 Rab3+ 64. Kc2 Rxb6 65. Rxb6 Re2+ 66. Kd3 Rxg2 67. Ke4 Re2+ 68. Kf3 Re3+ 69. Kg2 g4 70. Rb5+ Kh4 71. Rb1 Re2+ 72. Kg1 Ra2 73. Rf1 f3 74. Kh1 h5 75. Rg1 Re2 76. Rf1 Kg5 77. Kg1 Kf4 78. Ra1 h4 79. Kf1 Rb2 80. Kg1 Kg3 81. Kh1 Rh2+ 82. Kg1 f2+ 83. Kf1 Rh1+ 84. Ke2 Rxa1 0-1

[Event "*** Titled Tuesday Blitz AM"]
[Site "Chess.com"]
[Date "2020.01.07"]
[Round "8"]
[White "mazetofonias"]
[Black "nouma78"]
[Result "1-0"]
[WhiteElo "2696"]
[BlackElo "2526"]
[TimeControl "180+2"]
[EndTime "10:44:25 PST"]
[Termination "mazetofonias won by resignation"]

1. d4 Nf6 2. Nf3 g6 3. Bg5 Bg7 4. Nbd2 c5 5. c3 cxd4 6. cxd4 d5 7. e3 O-O 8. Be2 Nc6 9. O-O Bg4 10. h3 Bxf3 11.
Nxf3 e6 12. Bf4 Qe7 13. Qb3 Rfc8 14. Rac1 Ne4 15. Bd3 Qb4 16. Rxc6 1-0

[Event "*** Titled Tuesday Blitz AM"]
[Site "Chess.com"]
[Date "2020.01.07"]
[Round "8"]
[White "Rikikits"]
[Black "Firouzja2003"]
[Result "0-1"]
[WhiteElo "2714"]
[BlackElo "3067"]
[TimeControl "180+2"]
[EndTime "10:44:48 PST"]
[Termination "Firouzja2003 won by checkmate"]

1. a3 e6 2. Nf3 g6 3. g3 Bg7 4. Bg2 Ne7 5. O-O O-O 6. c4 d5 7.
cxd5 exd5 8. d4 c6 9. Nc3 Nd7 10. b4 Nf6 11. Bb2 Re8 12. e3 Bf5 13. Ne5 Nc8 14.
Qb3 Nd6 15. f3 Nd7 16. e4 dxe4 17. Nxf7 Nxf7 18. fxe4 Be6 19. d5 cxd5 20. exd5 Bf5 21. Rad1 Nde5 22. d6 Be6 23. Qa4 Nc4 24. Ba1 Nfxd6 25.
Qxe8+ Qxe8 26. Rxd6 Nxd6 27. Rf8+ Qxf8 28. Nd5 Bxa1 29.
Ne7+ Qxe7 30. Bd5 Bxd5 31. h4 Bd4+ 32. Kh2 Qe3 33. Kh3 Qf2 34. Kg4 Be6+ 35. Kg5 Qf6+ 36. Kh6 Rc8 37. b5 Rc3 38. b6 axb6 39. a4 Rb3 40. a5 Rb2 41. g4 Rb1 42. g5 Nf7# 0-1

[Event "*** Titled Tuesday Blitz AM"]
[Site "Chess.com"]
[Date "2020.01.07"]
[Round "8"]
[White "Iyael"]
[Black "MixMasterChess"]
[Result "0-1"]
[WhiteElo "2068"]
[BlackElo "2138"]
[TimeControl "180+2"]
[EndTime "10:44:54 PST"]
[Termination "MixMasterChess won by resignation"]

1. e4 e6 2. d4 d5 3. Nc3 Bb4 4.
e5 Ne7 5. a3 Bxc3+ 6. bxc3 c5 7.
Qg4 cxd4 8. Qxg7 Rg8 9. Qxh7 Qc7 10. Ne2 Nbc6 11. f4 Bd7 12. Qd3 dxc3 13. Nxc3 O-O-O 14. Nb5 Nxe5 15. fxe5 Qxe5+ 16. Be2 Bxb5 17. Qxb5 Qxa1 18.
O-O Qd4+ 19. Kh1 Nf5 20. Bb2 Ng3+ 0-1

[Event "*** Titled Tuesday Blitz AM"]
[Site "Chess.com"]
[Date "2020.01.07"]
[Round "8"]
[White "arminmusovic"]
[Black "TrimitziosP7"]
[Result "1-0"]
[WhiteElo "2511"]
[BlackElo "2692"]
[TimeControl "180+2"]
[EndTime "10:44:59 PST"]
[Termination "arminmusovic won by checkmate"]

1. a3 d5 2. Nc3 Bf5 3. d3 Nf6 4. Bg5 c6 5. f3 d4 6. Ne4 Bxe4 7. dxe4 e5 8. e3 Bc5 9. exd4 exd4 10. e5 h6 11. exf6 hxg5 12. fxg7 Rg8 13. Qd3 Qa5+ 14. Kf2 Rxg7 15. Re1+ Be7 16. Qxd4 Rg6 17. Bd3 Re6 18.
Rxe6 fxe6 19. Bg6+ Kf8 20. Qh8# 1-0

[Event "*** Titled Tuesday Blitz AM"]
[Site "Chess.com"]
[Date "2020.01.07"]
[Round "8"]
[White "cstevens1"]
[Black "narutosmith"]
[Result "0-1"]
[WhiteElo "2605"]
[BlackElo "2262"]
[TimeControl "180+2"]
[EndTime "10:45:55 PST"]
[Termination "narutosmith won by resignation"]

1. Nf3 c5 2. e4 e6 3. d4 cxd4 4. Nxd4 a6 5. Bd3 Nf6 6. Qe2 d6 7. f4 Qc7 8. Be3 g6 9. Nd2 Bg7 10. O-O-O O-O 11. Kb1 Nbd7 12. g4 e5 13. Nf5 gxf5 14.
exf5 exf4 15. Bd4 Re8 16. Qg2 Qc6 17. Nf3 Ne5 18. Bxe5 dxe5 19. g5 Nd5 20. Be4 Nc3+ 21. bxc3 Qxe4 22. f6 Bf8 23. Rhe1 Qc6 24. Qd2 Bf5 25.
Nxe5 Qb5+ 26. Ka1 Rxe5 0-1

[Event "*** Titled Tuesday Blitz AM"]
[Site "Chess.com"]
[Date "2020.01.07"]
[Round "8"]
[White "AdrianPetrisor1992"]
[Black "Last7Samurai"]
[Result "1-0"]
[WhiteElo "2650"]
[BlackElo "2811"]
[TimeControl "180+2"]
[EndTime "10:46:13 PST"]
[Termination "AdrianPetrisor1992 won by resignation"]

1. Nf3 d5 2. g3 g6 3. Bg2 Bg7 4.
d4 Nh6 5. O-O O-O 6. Bf4 c5 7.
c3 cxd4 8. cxd4 Nc6 9. Nc3 Nf5 10.
e3 h6 11. h4 b6 12. Nxd5 Bb7 13. Nc3 f6 14. d5 Na5 15. e4 Nd6 16. Nd4 g5 17.
hxg5 fxg5 18. Ne6 Qd7 19. Bxd6 exd6 20. Nxf8 Rxf8 21. Qd3 Ba8 22. b4 Nb7 23. Rac1 Nd8 24. Nb5 Nf7 25. f4 a6 26. Nc7 Bb7 27. Ne6 Re8 28.
Rc7 1-0

[Event "*** Titled Tuesday Blitz AM"]
[Site "Chess.com"]
[Date "2020.01.07"]
[Round "8"]
[White "KhazarBabazada"]
[Black "vlad10898"]
[Result "1-0"]
[WhiteElo "2910"]
[BlackElo "2721"]
[TimeControl "180+2"]
[EndTime "10:46:27 PST"]
[Termination "KhazarBabazada won by resignation"]

1. e4 c5 2. Nf3 d6 3. d4 cxd4 4. Nxd4 Nf6 5. Nc3 a6 6. h3 e5 7. Nde2 b5 8. g4 b4 9. Nd5 Nxd5 10. exd5 h5 11. g5 h4 12. Bg2 Be7 13. O-O Bxg5 14. f4 exf4 15. Nxf4 O-O 16. Qh5 Bh6 17. Ne6 fxe6 18. Bxh6 Rxf1+ 19. Rxf1 gxh6 20. Qg6+ Kh8 21. Rf7 1-0

[Event "*** Titled Tuesday Blitz AM"]
[Site "Chess.com"]
[Date "2020.01.07"]
[Round "8"]
[White "LogoCzar"]
[Black "goldenspine"]
[Result "0-1"]
[WhiteElo "2382"]
[BlackElo "2330"]
[TimeControl "180+2"]
[EndTime "10:46:36 PST"]
[Termination "goldenspine won by resignation"]

1. e4 c6 2. d4 d5 3. e5 Bf5 4. h4 h5 5. Bd3 Bxd3 6. Qxd3 e6 7. Bg5 Qb6 8. Nd2 Nd7 9. Ngf3 Ne7 10. O-O f6 11. Bf4 O-O-O 12. c4 Qa6 13. Qc3 dxc4 14. Nxc4 Nd5 15. Qc1 Nxf4 16. Qxf4 Qxc4 17. Rfc1 Qd5 18. b4 Bxb4 19. Rab1 Ba5 20. Rb3 fxe5 21. Nxe5 Nxe5 22.
dxe5 Bd2 23. Qf7 Rd7 0-1

[Event "*** Titled Tuesday Blitz AM"]
[Site "Chess.com"]
[Date "2020.01.07"]
[Round "8"]
[White "Quiet_Desperation"]
[Black "LonesomeGeorge1"]
[Result "0-1"]
[WhiteElo "2388"]
[BlackElo "2305"]
[TimeControl "180+2"]
[EndTime "10:46:37 PST"]
[Termination "LonesomeGeorge1 won by resignation"]

1. e4 c6 2. d4 g6 3. Nc3 d5 4. Nf3 dxe4 5. Nxe4 Bg7 6. Be3 Nf6 7.
Nxf6+ exf6 8. Qd2 O-O 9. O-O-O Be6 10. Kb1 a5 11. h4 h5 12. Be2 Na6 13. Ne1 b5 14. g4 hxg4 15. Bh6 Qd5 16. b3 a4 17.
Bxg7 Kxg7 18. h5 gxh5 19. Nd3 axb3 20. Nf4 bxc2+ 21. Qxc2 Nb4 22. Qd2 Qf5+ 23. Bd3 Nxd3 24. Nxd3 0-1

[Event "*** Titled Tuesday Blitz AM"]
[Site "Chess.com"]
[Date "2020.01.07"]
[Round "8"]
[White "Saloni1299"]
[Black "Colombiano07"]
[Result "1-0"]
[WhiteElo "2098"]
[BlackElo "2166"]
[TimeControl "180+2"]
[EndTime "10:46:45 PST"]
[Termination "Saloni1299 won by resignation"]

1. e4 c5 2. Nf3 Nc6 3. d4 cxd4 4. Nxd4 Nf6 5. Nc3 g6 6. Be3 Bg7 7. Bc4 O-O 8. Bb3 a5 9. O-O a4 10. Nxa4 Nxe4 11. Nb5 Ra6 12. c4 d6 13. Qe2 Be6 14. f3 Nf6 15. Rfd1 Nd7 16. Rac1 Qb8 17. Nac3 Nc5 18.
Nd5 Nxb3 19. axb3 Bxd5 20. cxd5 Ne5 21. Rc7 Re8 22. f4 Ra5 23. fxe5 Rxb5 24. Qxb5 1-0

[Event "*** Titled Tuesday Blitz AM"]
[Site "Chess.com"]
[Date "2020.01.07"]
[Round "8"]
[White "TregubovP"]
[Black "mouseWLZ"]
[Result "0-1"]
[WhiteElo "2611"]
[BlackElo "2809"]
[TimeControl "180+2"]
[EndTime "10:46:52 PST"]
[Termination "mouseWLZ won by resignation"]

1. e4 d5 2. exd5 Qxd5 3. Nc3 Qd6 4. d4 c6 5. Bc4 Nf6 6. Nf3 Bf5 7. O-O e6 8. Qe2 Be7 9. Bg5 Nbd7 10. Bh4 O-O 11. Bg3 Qb4 12. Bb3 Rfe8 13. Rad1 Qa5 14. h3 h6 15. Ne5 Rad8 16. Nc4 Qa6 17. Nd6 Qxe2 18. Nxe2 Bxd6 19. Bxd6 b5 20. c3 a5 21. Bc7 Ra8 22.
a4 Nd5 23. Bd6 N7b6 24. axb5 cxb5 25. Nf4 Nxf4 26. d5 a4 0-1

[Event "*** Titled Tuesday Blitz AM"]
[Site "Chess.com"]
[Date "2020.01.07"]
[Round "8"]
[White "GianmarcoVaR"]
[Black "JozefKneht"]
[Result "1-0"]
[WhiteElo "2573"]
[BlackElo "2407"]
[TimeControl "180+2"]
[EndTime "10:46:54 PST"]
[Termination "GianmarcoVaR won by resignation"]

1. g3 e5 2. Bg2 d5 3. c4 d4 4.
d3 c5 5. e3 Nc6 6. exd4 exd4 7. Ne2 Bd6 8. O-O Nge7 9. a3 a5 10. Nd2 O-O 11. Ne4 b6 12. Nxd6 Qxd6 13. Nf4 Bb7 14.
Qb3 a4 15. Qxb6 Ra6 16. Qxb7 Rb8 17. Qxa6 1-0

[Event "*** Titled Tuesday Blitz AM"]
[Site "Chess.com"]
[Date "2020.01.07"]
[Round "8"]
[White "JSPrepz"]
[Black "Angry_Serb"]
[Result "1-0"]
[WhiteElo "2810"]
[BlackElo "2653"]
[TimeControl "180+2"]
[EndTime "10:47:01 PST"]
[Termination "JSPrepz won by resignation"]

1. e4 c5 2. Nf3 Nc6 3. b4 b6 4. bxc5 bxc5 5. Bb5 Nd4 6. Nxd4 cxd4 7. O-O e6 8. c3 Bb7 9. Re1 Bc5 10. cxd4 Bxd4 11.
Nc3 Nf6 12. Ba3 Qa5 13. Qb3 Bxc3 14. dxc3 Bxe4 15. Rxe4 Nxe4 16. Bxd7+ Kd8 17. Bc6 Qxc3 18.
Rd1+ 1-0

[Event "*** Titled Tuesday Blitz AM"]
[Site "Chess.com"]
[Date "2020.01.07"]
[Round "8"]
[White "Tayson_7"]
[Black "ViennaRocket"]
[Result "1-0"]
[WhiteElo "2560"]
[BlackElo "2387"]
[TimeControl "180+2"]
[EndTime "10:47:01 PST"]
[Termination "Tayson_7 won by resignation"]

1. d4 b5 2. e4 Bb7 3. Bd3 Nf6 4.
f3 b4 5. c4 bxc3 6. Nxc3 e6 7.
Nge2 c5 8. Be3 cxd4 9. Nxd4 Nc6 10. O-O Bc5 11. Nf5 Bxe3+ 12. Nxe3 O-O 13. Qd2 Qb6 14. Kh1 a5 15. Nc4 Qc7 16. Rac1 Ba6 17. Na3 Nb4 18. Bxa6 Rxa6 19. Nd5 Qd8 20. Nxb4 axb4 21.
Qxb4 d5 22. e5 Nd7 23. f4 Qa8 24. Rc7 Rb8 25. Qe7 Rxa3 26. Rxd7 1-0

[Event "*** Titled Tuesday Blitz AM"]
[Site "Chess.com"]
[Date "2020.01.07"]
[Round "8"]
[White "Zq1"]
[Black "Eliwood44"]
[Result "1-0"]
[WhiteElo "2542"]
[BlackElo "2322"]
[TimeControl "180+2"]
[EndTime "10:47:09 PST"]
[Termination "Zq1 won by resignation"]

1. d4 Nf6 2. c4 e6 3. Nc3 d5 4.
cxd5 exd5 5. Bg5 c6 6. e3 Nbd7 7. Bd3 h6 8. Bh4 Be7 9. Nge2 Nh5 10. Bxe7 Qxe7 11. O-O O-O 12. Rb1 a5 13. a3 b5 14. Ng3 Nxg3 15. hxg3 Nb6 16. Ne2 Nc4 17. a4 Bg4 18. b3 Nd6 19. Rc1 bxa4 20. bxa4 Rac8 21. Qd2 Bxe2 22. Bxe2 Qa7 23. Bd3 Rfe8 24. Rc5 Ne4 25. Bxe4 Rxe4 26. Qxa5 Qxa5 27. Rxa5 c5 28. Rxc5 Rxc5 29. dxc5 Rxa4 30. Rd1 Kf8 31. Rxd5 Rc4 32. f3 Rc2 33. g4 Ke7 34. e4 g6 35. g5 hxg5 36.
Rxg5 Ke6 37. Kh2 Kf6 38. Rd5 Ke6 39. Kg3 f5 40. Rd6+ Kf7 41. exf5 gxf5 42. Rc6 Rc4 43. Rc8 Kg6 44. c6 Kg5 45. c7 f4+ 46. Kh2 1-0

[Event "*** Titled Tuesday Blitz AM"]
[Site "Chess.com"]
[Date "2020.01.07"]
[Round "8"]
[White "FearlessKing64"]
[Black "Andrii_Prydun"]
[Result "0-1"]
[WhiteElo "2336"]
[BlackElo "2358"]
[TimeControl "180+2"]
[EndTime "10:47:26 PST"]
[Termination "Andrii_Prydun won by checkmate"]

1. e4 e6 2. d4 d5 3. Nd2 h6 4. Bd3 dxe4 5. Nxe4 Nf6 6. Nf3 Nbd7 7. Qe2 Nxe4 8.
Bxe4 Nf6 9. Bd3 Be7 10. b3 O-O 11. Bb2 a5 12. a4 Bb4+ 13. c3 Be7 14. O-O-O c6 15.
Kb1 b5 16. axb5 cxb5 17. Bxb5 Rb8 18. Ne5 Bb7 19. f3 Bd5 20. c4 Ba8 21. g4 Qc7 22. h4 Rxb5 23. cxb5 Nd5 24. g5 hxg5 25. hxg5 Bxg5 26. Qh2 Bh6 27. Rc1 Qb8 28. b6 Qxb6 29.
Nd7 Qxb3 30. Nxf8 Nb4 31. Rc3 Qa2# 0-1

[Event "*** Titled Tuesday Blitz AM"]
[Site "Chess.com"]
[Date "2020.01.07"]
[Round "8"]
[White "SantoBlue"]
[Black "Evgeny81"]
[Result "0-1"]
[WhiteElo "2739"]
[BlackElo "2584"]
[TimeControl "180+2"]
[EndTime "10:47:59 PST"]
[Termination "Evgeny81 won by resignation"]

1. e4 c5 2. Nf3 d6 3. Bb5+ Bd7 4. Bxd7+ Nxd7 5. O-O g6 6. d4 Bg7 7. Nc3 cxd4 8. Nxd4 Ngf6 9. Re1 O-O 10. h3 a6 11.
Be3 Qc7 12. Qd2 Rfe8 13. Rad1 Ne5 14. b3 Rac8 15. Nd5 Nxd5 16. exd5 Qc3 17. Qxc3 Rxc3 18. Bd2 Rc5 19. Be3 Rxd5 20. f4 Nc6 21. Nxc6 Rxd1 22. Rxd1 bxc6 23. Bd4 Rb8 24. Bxg7 Kxg7 25. Rd4 Rb5 26. Rc4 Rc5 27. Ra4 Rxc2 28. Rxa6 c5 29. a4 Rb2 30. Ra7 Kf6 31. Rb7 c4 32. b4 c3 0-1

[Event "*** Titled Tuesday Blitz AM"]
[Site "Chess.com"]
[Date "2020.01.07"]
[Round "8"]
[White "chess4ever007"]
[Black "BestByTestbro"]
[Result "1-0"]
[WhiteElo "2460"]
[BlackElo "2196"]
[TimeControl "180+2"]
[EndTime "10:48:04 PST"]
[Termination "chess4ever007 won by checkmate"]

1. d4 Nf6 2. c4 g6 3. Nc3 d5 4.
Nf3 Bg7 5. h4 dxc4 6. e4 c5 7.
d5 b5 8. h5 b4 9. h6 Bf8 10.
e5 bxc3 11. exf6 exf6 12. Bxc4 cxb2 13. Bxb2 Bd6 14. Qe2+ Qe7 15. Bxf6 Qxe2+ 16. Kxe2 O-O 17. Rhe1 Nd7 18. Bg7 Re8+ 19. Kf1 Bb7 20. Ng5 Nb6 21. Rxe8+ Rxe8 22. Bb5 Rc8 23. Ne4 Bb8 24. Nf6# 1-0

[Event "*** Titled Tuesday Blitz AM"]
[Site "Chess.com"]
[Date "2020.01.07"]
[Round "8"]
[White "bluejay1897"]
[Black "Ba_clbaf_osed_ingo_3v21"]
[Result "0-1"]
[WhiteElo "2383"]
[BlackElo "2556"]
[TimeControl "180+2"]
[EndTime "10:48:09 PST"]
[Termination "Ba_clbaf_osed_ingo_3v21 won by resignation"]

1. Nf3 c5 2. g3 Nc6 3. Bg2 g6 4. O-O Bg7 5. c3 e5 6. e4 Nge7 7. Qe2 O-O 8. Na3 d5 9. exd5 Nxd5 10.
Nc4 Re8 11. a4 e4 12. Ne1 Nf6 13. Nc2 Bg4 14. Qe1 Qd3 15. N2e3 Be2 16. b3 Bxf1 17. Bxf1 Qd7 18. Ba3 b6 19. h4 h5 20. Kh2 Rad8 21.
Bh3 Qc7 22. Qe2 Ne5 23. Nxe5 Qxe5 24. Nc4 Qc7 25. Re1 Nd7 26. Bxd7 Qxd7 27. Kg2 Qd5 28. Qe3 f5 29. Kg1 Qc6 30. Qg5 Qf6 31. Qf4 Rd7 32.
Re2 Kh7 33. Qg5 Qf7 0-1

[Event "*** Titled Tuesday Blitz AM"]
[Site "Chess.com"]
[Date "2020.01.07"]
[Round "8"]
[White "Sven_Tica"]
[Black "AleksanderHnydiuk"]
[Result "1-0"]
[WhiteElo "2655"]
[BlackElo "2440"]
[TimeControl "180+2"]
[EndTime "10:48:13 PST"]
[Termination "Sven_Tica won by resignation"]

1. d4 Nf6 2. c4 g6 3. g3 c5 4. d5 b5 5. cxb5 a6 6. b6 d6 7. Nc3 Nbd7 8. Bg2 Bg7 9. Nf3 O-O 10.
O-O Nxb6 11. Nd2 Bb7 12. e4 e6 13. dxe6 fxe6 14. e5 Bxg2 15. exf6 Bxf1 16. fxg7 Kxg7 17. Qxf1 d5 18. Qe2 Qf6 19. Kg2 e5 20. h4 e4 21.
Nf1 Rae8 22. Nh2 d4 23. Bh6+ Kh8 24. Bxf8 dxc3 25. Bxc5 cxb2 26. Rb1 Na4 27. Qc4 Nxc5 28. Qxc5 e3 29. Ng4 Qg7 30. Nxe3 Qb7+ 31. Qd5 Qb4 32.
a3 Qc3 33. Nd1 Qxa3 34. Rxb2 1-0

[Event "*** Titled Tuesday Blitz AM"]
[Site "Chess.com"]
[Date "2020.01.07"]
[Round "8"]
[White "Snegokhod"]
[Black "MattyDPerrine"]
[Result "1-0"]
[WhiteElo "2605"]
[BlackElo "2370"]
[TimeControl "180+2"]
[EndTime "10:48:13 PST"]
[Termination "Snegokhod won on time"]

1. e4 c5 2. Nf3 e6 3. d3 Nc6 4.
Nbd2 g6 5. g3 Bg7 6. Bg2 d5 7.
O-O Nge7 8. Re1 O-O 9. e5 b5 10. h4 Qc7 11. Qe2 Nf5 12. c3 b4 13. Nf1 a5 14. g4 Nh6 15. Bxh6 Bxh6 16. g5 Bg7 17. N1h2 h5 18. gxh6 Bxh6 19. Ng4 Bg7 20. Qd2 Ne7 21.
Qg5 Nf5 22. h5 Ba6 23. Rad1 1-0

[Event "*** Titled Tuesday Blitz AM"]
[Site "Chess.com"]
[Date "2020.01.07"]
[Round "8"]
[White "zurzan"]
[Black "SHIVACalypso"]
[Result "1-0"]
[WhiteElo "1971"]
[BlackElo "2235"]
[TimeControl "180+2"]
[EndTime "10:48:19 PST"]
[Termination "zurzan won by resignation"]

1. f4 Nf6 2. Nf3 g6 3. g3 Bg7 4. Bg2 O-O 5. O-O d6 6. d3 Nbd7 7. e4 e5 8. f5 Qe7 9. Nh4 d5 10.
Nc3 dxe4 11. dxe4 Qc5+ 12. Kh1 Qd4 13. Qf3 Nc5 14. Be3 Qb4 15. a3 Qc4 16. Bxc5 Qxc5 17. Rad1 b6 18. b4 Qc4 19. Nd5 Nxd5 20. exd5 Bb7 21.
f6 Bh6 22. Nf5 gxf5 23. Qxf5 Rad8 24. Be4 Qxe4+ 25. Qxe4 Rxd5 26. Rxd5 Rd8 27. c4 1-0

[Event "*** Titled Tuesday Blitz AM"]
[Site "Chess.com"]
[Date "2020.01.07"]
[Round "8"]
[White "Kirill_Klukin"]
[Black "albi1999"]
[Result "1/2-1/2"]
[WhiteElo "2691"]
[BlackElo "2534"]
[TimeControl "180+2"]
[EndTime "10:48:30 PST"]
[Termination "Game drawn by agreement"]

1. d4 d5 2. Nf3 Nf6 3. c4 e6 4.
Nc3 c5 5. cxd5 Nxd5 6. e4 Nxc3 7. bxc3 cxd4 8. cxd4 Bb4+ 9. Bd2 Bxd2+ 10. Qxd2 O-O 11. Be2 b6 12. O-O Bb7 13. Qe3 Nd7 14. Rfc1 Rc8 15.
Nd2 Qe7 16. Qb3 Nf6 17. f3 Rfd8 18. Rxc8 Rxc8 19. Qb2 Qc7 20. Nb3 Qf4 21. Rc1 Qe3+ 22. Kf1 Rxc1+ 23. Qxc1 Qxc1+ 24. Nxc1 Kf8 25. Ke1 Ke7 26.
Kd2 g5 27. Nd3 Nd7 28. Kc3 Ba6 29. Nc1 Bb7 30. a4 Kd6 31. Nb3 f6 32. a5 e5 33.
axb6 axb6 34. Bb5 Nf8 35. Bc4 Ng6 36. Bg8 h6 37. Nd2 Ba6 38. Bc4 Bc8 39. Bf7 Nf4 40. Nc4+ Ke7 41. Bg8 Ne2+ 42. Kd2 Nxd4 43. Nxb6 Ba6 44.
Ke3 Kf8 45. Ba2 Kg7 46. Nd5 Bc8 47. Ne7 Bd7 48. Bc4 1/2-1/2